 Dungeon Crawl Stone Soup version 0.30-a0-462-gd5975efbca (webtiles) character file.

Game seed: 5058491483819412896

970 holysushi the Spear-Bearer (level 8, -16/96 HPs)
             Began as a Hill Orc Monk on Dec 16, 2022.
             Was a Believer of Beogh.
             Demolished by a gargoyle
             ... wielding a +0 mace
              (19 damage)
             ... on level 5 of the Dungeon.
             The game lasted 00:08:33 (4944 turns).

holysushi the Spear-Bearer (Hill Orc Monk)          Turns: 4944, Time: 00:08:33

Health: -16/96     AC:  9    Str: 16    XL:     8   Next: 16%
Magic:  11/11      EV: 10    Int: 10    God:    Beogh [**....]
Gold:   342        SH: 10    Dex: 19    Spells: 7/7 levels left

rFire   . . .      SeeInvis .    a - +1 spear
rCold   . . .      Faith    .    j - +1 kite shield
rNeg    . . .      Spirit   .    m - +0 ring mail
rPois   .          Reflect  .    (no helmet)
rElec   .          Harm     .    (no cloak)
rCorr   .          Rampage  .    (no gloves)
Will    .....                    (no boots)
Stlth   ..........               (no amulet)
HPRegen 0.36/turn                n - +4 ring of protection
MPRegen 0.12/turn                i - +6 ring of dexterity

@: berserking (expiring), very quick
A: no striking features
a: Renounce Religion, Smiting


You were on level 5 of the Dungeon.
You worshipped Beogh.
Beogh was pleased with you.
You visited 1 branch of the dungeon, and saw 6 of its levels.

You collected 342 gold pieces.

Inventory:

Hand Weapons
 a - a +1 spear (weapon)
 r - a +0 trident
Missiles
 k - 2 throwing nets (quivered)
Armour
 b - a +0 robe
 j - a +1 kite shield (worn)
 l - the +9 scales of the Dragon King {rPois rF+ rC+ Will+}
   (You acquired it on level 5 of the Dungeon)

   rF:        It protects you from fire.
   rC:        It protects you from cold.
   rPois:     It protects you from poison.
   Will:      It increases your willpower.
 m - a +0 ring mail (worn)
Jewellery
 f - a +6 ring of strength
 i - a +6 ring of dexterity (right hand)
 n - a +4 ring of protection (left hand)
 q - a ring of positive energy
 t - a +6 ring of intelligence
 v - a ring of willpower
Scrolls
 o - a scroll of magic mapping
Potions
 c - a potion of ambrosia
 d - 2 potions of lignification
 g - a potion of might {unknown}
 h - 3 potions of curing
 p - a potion of haste {unknown}
 s - a potion of flight {unknown}


   Skills:
 - Level 3.6 Fighting
 + Level 9.3 Polearms
 - Level 2.4 Dodging
 - Level 1.5 Stealth
 - Level 2.0 Shields
 - Level 5.0 Invocations


You had 7 spell levels left.
You didn't know any spells.
Your spell library contained the following spells:

 Spells                   Type           Power      Damage    Failure   Level
 Ensorcelled Hibernation  Hex/Ice        0%         N/A       98%         2
 Passwall                 Tmut/Erth      0%         N/A       98%         2
 Swiftness                Air            0%         N/A       100%        3


Dungeon Overview and Level Annotations

Branches:
Dungeon (6/15) Zot: 24941
 Temple: D:4-7

Altars:
Ashenzari
Kikubaaqudgha
Yredelemnul
The Shining One

Annotations:
D:5 exclusion: downstairs


Message History

You hit the gargoyle but do no damage.
The gargoyle is moderately damaged.
The ice beast misses you.
The gargoyle hurls a stone arrow at you.
The stone arrow misses you.
The stone arrow hits the ice beast!!
Flame seeps out of the ice beast.
You block the troll's attack. x2
The troll barely misses you.
You hit the gargoyle but do no damage.
The gargoyle is moderately damaged.
You barely miss the gargoyle.
The gargoyle is moderately damaged.
The ice beast is engulfed in blazing flames.
Beogh accepts your kill.
The ice beast explodes!
The fiery explosion engulfs you but does no damage.
The gargoyle misses you. You block the troll's attack.
The troll claws you but does no damage. The troll completely misses you.
You barely miss the gargoyle.
The gargoyle is moderately damaged.
You hit the gargoyle.
The gargoyle is heavily damaged.
The troll closely misses you. The troll claws you but does no damage.
The troll claws you!
The gargoyle hurls a stone arrow at you.
The stone arrow hits you!
* * * LOW HITPOINT WARNING * * *
You barely miss the gargoyle.
The gargoyle is heavily damaged.
The troll barely misses you. The troll closely misses you.
The troll claws you but does no damage.
The gargoyle hurls a stone arrow at you.
The stone arrow hits you!
* * * LOW HITPOINT WARNING * * *
You hit the gargoyle but do no damage.
The gargoyle is heavily damaged.
You are too berserk!
You hit the gargoyle but do no damage.
The gargoyle is heavily damaged.
You block the troll's attack. x3; The gargoyle hits you with a +0 mace!!
You die...

######## #......#
##################.####.#
...............T#..## #.#
................#...###.#
..#####..#####..#.......#
......#T9#......###.#####
....Y#§@#......# #......
####..#§.#..##### #######
......#§§#......###
......#).#......#.##
..#####..#####†.#..## ###
......#..#......#...###..
.....#..#..T...#....##.#
####..#..#..#####....'...
......#..#......#....##..


You could see a troll (inner flame) and a gargoyle.

Vanquished Creatures
  Grinder (D:4)
  An ice beast (D:5)
  3 black bears
  An orc warrior (D:5)
  A phantom (D:5)
  A howler monkey (D:5)
  4 hounds (D:5)
  An orc wizard (D:5)
  2 iguanas (D:5)
  6 adders
  A shadow imp (D:5)
  An ufetubus (D:4)
  2 worms (D:2)
  4 dart slugs
  9 orcs
  4 bats
  6 endoplasms
  2 giant cockroaches (D:3)
  4 goblins
  8 hobgoblins
  5 jackals (D:5)
  4 kobolds
  3 quokkas
  6 ball pythons
  3 frilled lizards
  5 rats
88 creatures vanquished.

Notes
Turn   | Place    | Note
-------+----------+-------------------------------------------
     0 | D:1      | holysushi the Hill Orc Monk began the quest for the Orb.
     0 | D:1      | Reached XP level 1. HP: 19/19 MP: 1/1
    10 | D:1      | Found a faded altar of an unknown god.
   282 | D:1      | Reached skill level 4 in Polearms
   282 | D:1      | Reached XP level 2. HP: 26/26 MP: 2/2
   900 | D:2      | Reached XP level 3. HP: 27/31 MP: 3/3
   926 | D:2      | Reached skill level 1 in Shields
  1402 | D:2      | Reached XP level 4. HP: 37/39 MP: 4/4
  1520 | D:2      | Reached skill level 5 in Polearms
  1887 | D:3      | Found a broken altar of Ashenzari.
  2290 | D:4      | Became a worshipper of Beogh the Brigand
  2290 | D:4      | Reached * piety under Beogh
  2290 | D:4      | Reached ** piety under Beogh
  2343 | D:4      | Reached XP level 5. HP: 27/45 MP: 5/5
  2364 | D:4      | Noticed a black bear
  2381 | D:4      | Killed a black bear
  2490 | D:4      | Noticed Grinder
  2518 | D:4      | Paralysed by Grinder for 5 turns
  2526 | D:4      | Paralysed by Grinder for 2 turns
  2544 | D:4      | Killed Grinder
  2545 | D:4      | Reached skill level 7 in Polearms
  2545 | D:4      | Reached XP level 6. HP: 24/51 MP: 0/6
  2792 | D:4      | You fall into a shaft and drop 2 floors!
  2816 | D:6      | Noticed an ice beast
  2840 | D:6      | Found a basalt altar of Yredelemnul.
  2853 | D:5      | Entered Level 5 of the Dungeon
  3432 | D:5      | Noticed a black bear
  3452 | D:5      | Killed a black bear
  3453 | D:5      | Reached XP level 7. HP: 29/57 MP: 6/8
  3699 | D:5      | Reached skill level 8 in Polearms
  4205 | D:5      | Found a glowing golden altar of the Shining One.
  4205 | D:5      | Found an ancient bone altar of Kikubaaqudgha.
  4662 | D:5      | Reached skill level 5 in Invocations
  4886 | D:5      | Reached skill level 9 in Polearms
  4886 | D:5      | Reached XP level 8. HP: 38/64 MP: 11/11
  4901 | D:5      | Noticed a troll
  4904 | D:5      | Noticed a gargoyle
  4929 | D:5      | Identified a scroll of acquirement
  4929 | D:5      | Acquired the +9 scales of the Dragon King {rPois rF+ rC+
                  | Will+}
  4929 | D:5      | Found the +9 scales of the Dragon King {rPois rF+ rC+
                  | Will+}
  4942 | D:5      | HP: 2/96 [gargoyle/stone arrow (14)]
  4944 | D:5      | Demolished by a gargoyle

Illustrated notes

Levels and vault maps discovered:
D:1:      ncdulo_watergridlock, layout_loops_ring,
          shapermc_ecumenical_altar_venn, hangedman_decor_push
D:2:      layout_rooms
D:3:      layout_loops_ring, cheibrodos_ashenzari_chains, minmay_box_of_dots
D:4:      layout_basic, uniq_grinder
D:5:      kennysheep_windowed_halls, layout_loops_corners,
          mainiacjoe_overflow_divided_tiny
D:6:      layout_cave_pools, mainiacjoe_overflow_paths, uniq_blork_the_orc

Skill      XL: |  1  2  3  4  5  6  7 |
---------------+----------------------+-----
Polearms       | 4 5 7 9 |  9.3
Shields        | 1 2 |  2.0
Invocations    | 2 5 |  5.0
Fighting       | |  3.6
Dodging        | |  2.4
Stealth        | |  1.5

Action                   |  1- 3 |  4- 6 |  7- 9 || total
-------------------------+-------+-------+-------++-------
Melee: Spear             |   155 |   169 |   185 ||   509
       Punch             |     1 |       |       ||     1
Invok: Convert to Beogh  |       |     1 |       ||     1
       Smiting           |       |     2 |       ||     2
  Use: Scroll            |     4 |     5 |     4 ||    13
       Potion            |       |       |     1 ||     1
 Stab: Sleeping          |     3 |     1 |       ||     4
       Distracted        |       |     1 |     1 ||     2
Armor: Robe              |     6 |       |       ||     6
       Ring mail         |    12 |    60 |    51 ||   123
Dodge: Dodged            |    20 |    53 |    71 ||   144
Block: Kite shield       |    19 |    76 |   110 ||   205

Table legend: (Time is in decaauts)
 A = Elapsed time spent in this place.
 B = Non-inter-level travel time spent in this place.
 C = Inter-level travel time spent in this place.
 D = Time resting spent in this place.
 E = Time spent auto-exploring this place.
 F = Levels seen in this place.
 G = Mean time per level.
                   A        B        C        D        E       F      G
               +--------+--------+--------+--------+--------+-----+--------+
         Total |   4915 |   4821 |     94 |    905 |   2617 |   6 |  819.2 |
       Dungeon |   4915 |   4821 |     94 |    905 |   2617 |   6 |  819.2 |
               +--------+--------+--------+--------+--------+-----+--------+

Top non-repeatable levels by time:
     D:5: 1582 daAuts
     D:4: 990 daAuts
     D:2: 904 daAuts
     D:1: 822 daAuts
     D:3: 554 daAuts
     D:6: 60 daAuts
